 Dungeon Crawl Stone Soup version 0.24-a0-520-g8fd06ad0bc (webtiles) character file.

Game seed: 9163835882941777568

3204 KristoblXynda the Infuser (level 9, -4/71 HPs)
             Began as a Purple Draconian Skald on July 27, 2019.
             Was an Initiate of Ashenzari.
             Slain by a warg (17 damage)
             ... on level 8 of the Dungeon.
             The game lasted 00:23:31 (10939 turns).

KristoblXynda the Infuser (Purple Draconian Skald) Turns: 10939, Time: 00:23:33

Health: -4/71      AC: 10    Str: 10 (13) XL:     9   Next: 65%
Magic:  12/12      EV: 15    Int: 16      God:    Ashenzari [......]
Gold:   320        SH:  0    Dex: 12      Spells: 4/12 levels left

rFire    . . .     SeeInvis +   p - +0 hand crossbow of the Open Hand {flame, rPois rN+} (curse)
rCold    + . .     Gourm    .   (no shield)
rNeg     + . .     Faith    .   (armour unavailable)
rPois    +         Spirit   .   (helmet restricted)
rElec    .         Reflect  .   (no cloak)
rCorr    .         Harm     .   (no gloves)
MR       +....                  (no boots)
Stlth    +.........             j - amulet of regeneration
HPRegen  0.61/turn              h - +3 ring of protection
MPRegen  0.13/turn              f - ring of see invisible

@: short of breath, lightly drained
A: breathe power, unfitting armour, cold resistance 1, deterioration 1,
cold-blooded, subdued magic 1, MP-powered wands, AC +7
a: Breathe Dispelling Energy, Curse Item, Renounce Religion


You were on level 8 of the Dungeon.
You worshipped Ashenzari.
Ashenzari was noncommittal.
You were very hungry.

You visited 2 branches of the dungeon, and saw 9 of its levels.

You collected 320 gold pieces.

Inventory:

Hand Weapons
 a - a +1 falchion
 d - a +1 scimitar
 p - the cursed +0 hand crossbow of the Open Hand (weapon) {flame, rPois rN+}
   (You found it on level 4 of the Dungeon)

   It causes projectiles fired from it to burn those they strike, causing extra
   injury to most foes and up to half again as much damage against particularly
   susceptible opponents.
   It protects you from poison.
   It protects you from negative energy.
   It has a curse placed upon it.
Armour
 t - a +2 shield of poison resistance
Jewellery
 f - a ring of see invisible (right hand)
 h - a +3 ring of protection (left hand)
 j - an amulet of regeneration (around neck)
Scrolls
 b - a scroll of fog {unknown}
 g - a scroll of enchant armour
 m - a scroll of magic mapping
 q - a scroll of amnesia
 u - a scroll of blinking
Potions
 e - a potion of mutation
 i - 2 potions of invisibility
 l - a potion of haste
 o - 2 potions of resistance


   Skills:
 - Level 4.0(3.7) Fighting
 + Level 8.1(7.8) Long Blades
 - Level 3.7(3.5) Crossbows
 + Level 6.6(6.3) Dodging
 + Level 1.0(0.8) Unarmed Combat
 - Level 2.4(2.1) Spellcasting
 + Level 8.2(7.9) Charms


You had 4 spell levels left.
You knew the following spells:

 Your Spells              Type           Power        Failure   Level  Hunger
b - Regeneration          Chrm/Necr      ##........   10%         3    ###....
c - Spectral Weapon       Hex/Chrm       ##......     10%         3    ###....
d - Song of Slaying       Chrm           ###.....     1%          2    ###....

Your spell library contained the following spells:

 Spells                   Type           Power        Failure   Level  Hunger
 Infusion                 Chrm           ###.         1%          1    #......
 Shroud of Golubria       Chrm/Tloc      ##....       4%          2    ###....


Dungeon Overview and Level Annotations

Branches:
Dungeon (8/15)             Temple (1/1) D:6
   Lair: D:8-11

Altars:
Ashenzari
Cheibriados
Dithmenos
Elyvilon
Gozag
Hepliaklqana
Kikubaaqudgha
Makhleb
Nemelex Xobeh
Qazlal
Ru
Uskayaw
Vehumet
Xom
Yredelemnul
Zin
The Shining One

Shops:
D:5 *   D:8 =


Innate Abilities, Weirdness & Mutations

You can breathe bolts of dispelling energy.
Your rich purple scales are hard. (AC +7)
You cannot fit into any form of body armour.
You are cold-blooded and may be slowed by cold attacks.
Your flesh is cold resistant. (rC+)
Your body sometimes deteriorates upon taking damage.
Your spells are a little easier to cast, but a little less powerful.
You expend magic power (3 MP) to strengthen your wands.


Message History

You closely miss the warg.
The warg is moderately wounded.
The warg barely misses you. The warg completely misses you.
You clumsily bash the warg but do no damage.
The warg is moderately wounded.
The warg closely misses you. The warg bites you!
* * * LOW HITPOINT WARNING * * *
You clumsily bash the warg but do no damage.
The warg is moderately wounded.
The warg misses you. The warg barely misses you.
You closely miss the warg.
Your tail-slap misses the warg.
The warg is moderately wounded.
The warg misses you. The warg completely misses you.
You closely miss the warg.
The warg is moderately wounded.
The warg bites you!
* * * LOW HITPOINT WARNING * * *
Your body deteriorates!
You feel weakened. The warg bites you!
You die...

#################
###..........h@...#
###.......#########†######
.%....###.## #...(..#
.##........# ######.#
.<...####.(# #.#
.###.####..## #.#
#.......(############.#
#h...H...))..)........#
#.....>.#############.#


You could see a warg.

Vanquished Creatures
  A troll (D:7)
  Sigmund (D:2)
  Duvessa (D:4)
  A black bear (D:6)
  2 orc warriors (D:6)
  2 ogres
  2 phantoms
  3 ice beasts
  2 centaurs
  Blork the orc (D:4)
  A bullfrog (D:7)
  Dowan (D:4)
  A scorpion (D:8)
  2 killer bees (D:8)
  8 wights
  A howler monkey (D:6)
  A crimson imp (D:7)
  A bullfrog zombie (D:7)
  An orc priest (D:6)
  4 hounds
  4 centaur skeletons
  5 orc wizards
  A bullfrog skeleton (D:7)
  3 iguanas
  Natasha (thrice) (D:2)
  5 worker ants
  A killer bee zombie (D:5)
  2 hound skeletons
  A worker ant zombie (D:6)
  7 adders
  2 shadow imps
  An ooze (D:2)
  An adder zombie (D:6)
  2 worms
  A dart slug (D:3)
  3 leopard geckos
  16 orcs
  4 giant cockroaches
  7 goblins
  8 hobgoblins
  2 quokkas
  4 ball pythons
  11 bats
  4 frilled lizards (D:2)
  5 kobolds
  A quokka zombie (D:5)
  9 rats
150 creatures vanquished.

Notes
Turn   | Place    | Note
-------+----------+-------------------------------------------
     0 | D:1      | KristoblXynda the Draconian Skald began the quest for the
                  | Orb.
     0 | D:1      | Reached XP level 1. HP: 17/17 MP: 3/3
   474 | D:1      | Reached XP level 2. HP: 19/24 MP: 5/5
  1316 | D:2      | Reached XP level 3. HP: 28/29 MP: 6/6
  1427 | D:2      | Learned a level 3 spell: Regeneration
  1449 | D:2      | Noticed Sigmund
  1850 | D:2      | Noticed Natasha
  1856 | D:2      | Killed Natasha
  1856 | D:2      | Reached XP level 4. HP: 20/36 MP: 7/7
  1872 | D:2      | Learned a level 3 spell: Spectral Weapon
  1917 | D:2      | Noticed Natasha
  1924 | D:2      | Killed Natasha
  2213 | D:2      | Noticed Natasha
  2220 | D:2      | Killed Natasha
  2220 | D:2      | Reached XP level 5. HP: 2/41 MP: 2/8
  2712 | D:3      | Found a snail-covered altar of Cheibriados.
  2738 | D:3      | Found a shadowy altar of Dithmenos.
  3055 | D:3      | Found a glowing golden altar of the Shining One.
  3245 | D:2      | Killed Sigmund
  3245 | D:2      | Reached XP level 6. HP: 48/48 MP: 3/9
  3285 | D:3      | Learned a level 2 spell: Song of Slaying
  3298 | D:4      | Noticed Duvessa
  3298 | D:4      | Noticed Dowan
  3319 | D:4      | Killed Duvessa
  3319 | D:4      | Reached skill level 5 in Long Blades
  3327 | D:4      | Killed Dowan
  3327 | D:4      | Your scales start taking on a rich purple colour.
  3327 | D:4      | Reached skill level 5 in Charms
  3327 | D:4      | Reached XP level 7. HP: 38/55 MP: 7/10
  3393 | D:4      | Got a smoking hand crossbow
  3394 | D:4      | Identified the cursed +0 hand crossbow of the Open Hand
                  | {flame, rPois rN+} (You found it on level 4 of the Dungeon)
  3456 | D:4      | Noticed Blork the orc
  3501 | D:4      | Killed Blork the orc
  4144 | D:5      | Entered Level 5 of the Dungeon
  4144 | D:5      | Found Liech's Assorted Antiques.
  4236 | D:5      | Reached skill level 1 in Crossbows
  4672 | D:5      | Reached XP level 8. HP: 61/61 MP: 11/11
  5404 | D:6      | Reached skill level 5 in Dodging
  5537 | D:6      | Found a staircase to the Ecumenical Temple.
  5586 | D:6      | Found a radiant altar of Vehumet.
  5680 | Temple   | Entered the Ecumenical Temple
  5718 | Temple   | Became a worshipper of Ashenzari the Shackled
  6092 | D:6      | Found an opulent altar of Gozag.
  7312 | D:7      | Reached XP level 9. HP: 67/67 MP: 12/12
  7407 | D:7      | Found a hide-covered altar of Uskayaw.
  7408 | D:7      | Noticed a troll
  7418 | D:7      | Killed a troll
  7427 | D:7      | Noticed a +0 hand axe
  7428 | D:7      | Noticed a +0 dagger
  7831 | D:5      | Found a hazy altar of Hepliaklqana.
  9608 | D:7      | Gained mutation: Your spells are a little easier to cast,
                  | but a little less powerful. [potion of mutation]
  9608 | D:7      | Gained mutation: Your body sometimes deteriorates upon
                  | taking damage. [potion of mutation]
  9608 | D:7      | Gained mutation: Your flesh is cold resistant. (rC+)
                  | [potion of mutation]
  9608 | D:7      | Gained mutation: You expend magic power (3 MP) to
                  | strengthen your wands. [potion of mutation]
 10710 | D:8      | Found Hanoopy's Jewellery Emporium.
 10711 | D:8      | Found a sparkling altar of Nemelex Xobeh.
 10882 | D:8      | Reached skill level 1 in Unarmed Combat
 10939 | D:8      | Slain by a warg

Levels and vault maps discovered:
D:1:      psy_arrival_basics, layout_basic, minmay_crystal_water,
          dk_noncrumbling_4, feat_on_display
D:2:      layout_rooms, minmay_tetromino_t2, uniq_natasha, uniq_sigmund
D:3:      layout_basic, kennysheep_slug_shrine, tso_oasis_becter, first_ration,
          nicolae_dithmenos_shadow_blocks
D:4:      layout_rooms, uniq_duvessa, uniq_blork_the_orc
D:5:      minmay_skewed_foursquare, layout_rooms,
          nicolae_overflow_hidden_temple, serial_shops, shop_statue
D:6:      layout_loops_ring, lemuel_crystal_altar, lemuel_doored_altar,
          temple_hall, minmay_hedge_maze
D:7:      layout_basic, dancing_weapons_uskayaw,
          grunt_temple_overflow_bloody_war
D:8:      layout_loops_ring, tgw_sif, lemuel_coloured_pillars_altar,
          nemelex_xobeh_ov_fountains_minmay, erik_lair_orcish_takeover,
          serial_shops, kennysheep_little_box
Temple:   eino_wide_crystal_templ

Skill      XL: |  1  2  3  4  5  6  7  8  9 |
---------------+----------------------------+-----
Charms         | 3 4 5 6 7 8 |  8.2
Long Blades    | 3 4 5 6 7 8 |  8.1
Dodging        | 3 4 5 6 |  6.6
Crossbows      | 2 3 |  3.7
Fighting       | 4 |  4.0
Unarmed Combat | 1 |  1.0
Spellcasting   | |  2.4

Action                   |  1- 3 |  4- 6 |  7- 9 || total
-------------------------+-------+-------+-------++-------
Melee: Falchion          |   103 |   113 |     7 ||   223
       Tailslap          |    11 |    15 |    88 ||   114
       Hand crossbow     |       |       |   732 ||   732
 Fire: Hand crossbow     |       |       |   209 ||   209
Throw: Throwing net      |       |       |     1 ||     1
 Cast: Infusion          |     1 |     6 |       ||     7
       Regeneration      |       |       |     7 ||     7
 Abil: Breathe Dispellin |       |       |    64 ||    64
Evoke: Wand              |       |       |    17 ||    17
  Use: Scroll            |       |     9 |    12 ||    21
       Potion            |       |     2 |    10 ||    12
 Stab: Sleeping          |     1 |     2 |       ||     3
       Held in net/web   |       |       |     1 ||     1
  Eat: Chunk             |     3 |     1 |    15 ||    19
       Ration            |       |     1 |     7 ||     8
Armor: Skin              |    57 |    50 |   436 ||   543
Dodge: Dodged            |    86 |    59 |  1091 ||  1236
       Rpst.: Falchion   |    25 |    21 |     1 ||    47

Table legend:
 A = Non-vault XP
 B = Vault XP
 C = Vault XP percentage of total XP
 D = Non-vault monster count
 E = Vault monster count
 F = Vault count percentage of total count
                 A         B        C        D         E       F
            +---------+---------+-------+---------+---------+-------
      Total |    3776 |     802 |  17.5 |     137 |      13 |   8.7
            +---------+---------+-------+---------+---------+-------
        D:1 |      37 |       0 |   0.0 |      23 |       0 |   0.0
        D:2 |     132 |     264 |  66.7 |      19 |       4 |  17.4
        D:3 |      58 |       4 |   6.5 |      18 |       1 |   5.3
        D:4 |      79 |     319 |  80.2 |       4 |       3 |  42.9
        D:5 |     640 |     135 |  17.4 |      13 |       2 |  13.3
        D:6 |    1135 |       0 |   0.0 |      27 |       0 |   0.0
        D:7 |     787 |       0 |   0.0 |      15 |       0 |   0.0
        D:8 |     908 |      80 |   8.1 |      18 |       3 |  14.3
            +---------+---------+-------+---------+---------+-------
